 Dungeon Crawl Stone Soup version 0.31.0-9-g3a7656b989 (webtiles) character file.

Game seed: 9152035177317900699

502 qw the Ducker (level 6, -7/30 HPs)
             Began as a Spriggan Hunter on Feb 2, 2024.
             Killed from afar by an orc wizard (8 damage)
             ... with a magic dart
             ... on level 4 of the Dungeon.
             The game lasted 00:00:14 (2737 turns).

qw the Ducker (Spriggan Hunter)                     Turns: 2737, Time: 00:00:15

Health: -7/30      AC:  3    Str:  7    XL:     6   Next: 95%
Magic:  7/7        EV: 22    Int: 11    God:
Gold:   70         SH:  0    Dex: 20    Spells: 5/5 levels left

rFire   . . .        a - +0 shortbow
rCold   . . .        (shield currently unavailable)
rNeg    . . .        c - +0 robe
rPois   .            (helmet restricted)
rElec   .            e - +0 cloak
rCorr   .            (gloves unavailable)
SInv    +            (boots unavailable)
Will    +....        (no amulet)
Stlth   ++           (no ring)
HPRegen 0.25/turn    (no ring)
MPRegen 0.10/turn

%: no passive effects
@: lethally poisoned (-7 -> -13), about to teleport, very quick
A: very small, no large weapons, unfitting armour, see invisible, speed 3
a: no special abilities


You were on level 4 of the Dungeon.
You visited 1 branch of the dungeon, and saw 4 of its levels.

You collected 178 gold pieces.
You spent 108 gold pieces at shops.


Innate Abilities, Weirdness & Mutations

You are very small and have problems with some larger weapons.
You are too small for most types of armour.
You have supernaturally acute eyesight. (SInv)
You cover ground extremely quickly. (Speed+++)


   Skills:
 - Level 2.1 Fighting
 + Level 6.3 Ranged Weapons
 - Level 7.3 Dodging
 - Level 1.5 Stealth


You had 5 spell levels left.
You didn't know any spells.
Your spell library was empty.

Inventory:

Hand Weapons
 a - a +0 shortbow (weapon)
Armour
 c - a +0 robe (worn)
 e - a +0 cloak (worn)
Wands
 i - a wand of flame (15)
Scrolls
 b - 2 scrolls of teleportation
 d - a scroll of noise {unknown}
 f - a scroll of poison {unknown}
Potions
 g - 3 potions of curing
 h - a potion of cancellation {unknown}

Dungeon Overview and Level Annotations

Branches:
Dungeon (4/15)
 Temple: D:4-7

Altars:
Yredelemnul

Shops:
D:3 *(((


Message History

The orc wizard casts a spell.
The orc wizard flickers and vanishes for a moment.
You shoot an arrow. The arrow barely misses the orc wizard.
The orc wizard closely misses you.
You shoot an arrow. The arrow barely misses the orc wizard.
The orc misses you. The orc wizard completely misses you.
You shoot an arrow. The arrow hits the orc wizard.
The orc wizard is moderately wounded.
The orc misses you. The orc wizard closely misses you.
You shoot an arrow. The arrow hits the orc wizard.
The orc wizard is heavily wounded.
The orc hits you with a +2 short sword of venom.
You are poisoned.
The orc wizard misses you.
You shoot an arrow. The arrow barely misses the orc wizard.
You feel very sick.
The orc hits you with a +2 short sword of venom.
The orc wizard barely misses you.
You shoot an arrow. The arrow barely misses the orc wizard.
You feel very sick. The orc hits you but does no damage.
You are more poisoned.
The orc wizard completely misses you.
You shoot an arrow. The arrow barely misses the orc wizard.
You feel very sick. The orc misses you. The orc wizard completely misses you.
The orc completely misses you.
You shoot an arrow. The arrow hits the orc wizard!
The orc wizard is almost dead.
You feel very sick.
The orc wizard points at you and mumbles some strange words.
The puff of flame hits you! The orc completely misses you.
The orc wizard closely misses you.
2737 ||| READING 3 scrolls of teleportation.
As you read the scroll of teleportation, it crumbles to dust.
You feel strangely unstable.
You feel sick. The orc misses you.
The orc wizard gestures at you while chanting.
The magic dart hits you!
You die...

.#........#.........#....+.....'.
.#........#.........#....#.....#.
'#........#######..##....#####+#.
....####....#..##..#.............
....# #....#......#.............
....# #....'......'.............
....# #....##+##..#.............
....# #........#..#.............
##### #.......o@..#.............
#.......o####.............
#......................... ####
#....%..o................. ...#
##'######................. ...#
..##....<.#....#############
...+...........#....#......#.....
...##..######..#.o..#......#.....
...##. #..##..#.o..#...[.##....#


You could see 2 orc wizards and an orc.

Vanquished Creatures
  Grinder (D:3)
  A hound (D:4)
  An orc priest (D:3)
  An iguana (D:3)
  2 orc wizards
  7 adders
  2 dart slugs
  4 ribbon worms
  11 orcs
  3 ball pythons
  3 bats
  6 endoplasms
  13 giant cockroaches
  7 goblins
  10 hobgoblins
  3 jackals (D:2)
  6 kobolds
  2 quokkas
  5 frilled lizards
  4 rats
92 creatures vanquished.

Notes
Turn   | Place    | Note
-------+----------+-------------------------------------------
     0 | D:1      | qw the Spriggan Hunter began the quest for the Orb.
     0 | D:1      | Reached XP level 1. HP: 10/10 MP: 2/2
     0 | D:1      | 0 ||| qw: Version: 0.3-a-155-g5e7d8dd
     0 | D:1      | 0 ||| qw: Game counter: 866
     0 | D:1      | 0 ||| qw: Melee chars always use a shield: true
     0 | D:1      | 0 ||| qw: God list: Okawaru
     0 | D:1      | 0 ||| qw: Allow faded altars: false
     0 | D:1      | 0 ||| qw: Do Orc after clearing Dungeon:15 true
     0 | D:1      | 0 ||| qw: Do second Lair branch before Depths: true
     0 | D:1      | 0 ||| qw: Lair rune preference: random
     0 | D:1      | 0 ||| qw: Goals: Normal
     0 | D:1      | 0 ||| PLANNING D:1-11
    20 | D:1      | Reached skill level 3 in Dodging
   151 | D:1      | Reached XP level 2. HP: 14/14 MP: 3/3
   215 | D:1      | Reached skill level 4 in Dodging
   469 | D:1      | 469 ||| READING 4 scrolls labelled REFUQUINNU.
   469 | D:1      | 469 ||| IDENTIFYING grey potion
   470 | D:1      | 470 ||| READING 3 scrolls of identify.
   470 | D:1      | 470 ||| IDENTIFYING orange potion
   471 | D:1      | 471 ||| READING 2 scrolls of identify.
   471 | D:1      | 471 ||| IDENTIFYING 2 scrolls labelled XIZ WINOLUDI
   472 | D:1      | 472 ||| DROPPING scroll of butterflies.
   473 | D:1      | 473 ||| DROPPING 2 scrolls of fear.
   474 | D:1      | 474 ||| DROPPING potion of invisibility.
   579 | D:2      | Reached XP level 3. HP: 18/18 MP: 4/4
   897 | D:2      | 897 ||| READING scroll of identify.
   897 | D:2      | 897 ||| IDENTIFYING viscous cyan potion
   898 | D:2      | 898 ||| READING scroll labelled JYELEI EZXOIDU.
   902 | D:2      | 902 ||| READING 2 scrolls labelled ETOWNUASERCH.
   903 | D:2      | 903 ||| READING scroll labelled TAYNINK YCHULU.
   904 | D:2      | 904 ||| DROPPING scroll of amnesia.
   991 | D:3      | Found Roteapro's Antique Weapon Emporium.
  1000 | D:3      | Reached XP level 4. HP: 17/22 MP: 5/5
  1102 | D:3      | Found Uxovius's Weapon Shoppe.
  1162 | D:3      | Noticed Grinder
  1172 | D:3      | Paralysed by Grinder for 4 turns
  1184 | D:3      | Killed Grinder
  1185 | D:3      | Reached skill level 7 in Dodging
  1185 | D:3      | Reached XP level 5. HP: 9/25 MP: 6/6
  1185 | D:3      | Reached XP level 6. HP: 11/30 MP: 7/7
  1492 | D:3      | HP: 4/30 [orc/+0 hand axe (5)]
  1493 | D:3      | 1493 ||| DRINKING potion of heal wounds.
  1591 | D:3      | Found Citu's Assorted Antiques.
  1601 | D:3      | 1601 ||| BUYING crooked fluorescent wand (108 gold).
  1601 | D:3      | Bought a crooked fluorescent wand for 108 gold pieces
  1601 | D:3      | 1601 ||| SHOPLISTING cyan potion (24 gold, have 21).
  1601 | D:3      | 1601 ||| SHOPLISTING large steel ring (135 gold, have 21).
  1601 | D:3      | 1601 ||| SHOPLISTING sapphire potion (24 gold, have 21).
  1601 | D:3      | 1601 ||| SHOPLISTING scroll of identify (54 gold, have 21).
  1684 | D:3      | Found a basalt altar of Yredelemnul.
  1769 | D:3      | Found Juket's Antique Weapon Shoppe.
  1915 | D:3      | Found a faded altar of an unknown god.
  2185 | D:3      | 2185 ||| UPGRADING to +0 cloak.
  2190 | D:3      | 2190 ||| READING 2 scrolls of identify.
  2190 | D:3      | 2190 ||| IDENTIFYING black potion
  2191 | D:3      | 2191 ||| READING scroll of identify.
  2191 | D:3      | 2191 ||| IDENTIFYING bubbling black potion
  2192 | D:3      | 2192 ||| DROPPING potion of magic.
  2193 | D:3      | 2193 ||| DROPPING potion of degeneration.
  2411 | D:4      | Reached skill level 6 in Ranged Weapons
  2703 | D:4      | 2703 ||| FLEEEEING.
  2704 | D:4      | 2704 ||| FLEEEEING.
  2705 | D:4      | 2705 ||| FLEEEEING.
  2706 | D:4      | 2706 ||| FLEEEEING.
  2708 | D:4      | 2708 ||| FLEEEEING.
  2709 | D:4      | 2709 ||| FLEEEEING.
  2710 | D:4      | 2710 ||| FLEEEEING.
  2712 | D:4      | 2712 ||| FLEEEEING.
  2713 | D:4      | 2713 ||| FLEEEEING.
  2716 | D:4      | 2716 ||| FLEEEEING.
  2717 | D:4      | 2717 ||| FLEEEEING.
  2718 | D:4      | 2718 ||| FLEEEEING.
  2736 | D:4      | HP: 3/30 [orc wizard/puff of flame (9)]
  2737 | D:4      | 2737 ||| READING 3 scrolls of teleportation.
  2737 | D:4      | HP: 1/30 [poisoned by an orc]
  2737 | D:4      | Killed from afar by an orc wizard

Levels and vault maps discovered:
D:1:      amcnicky_arrival_feature_with_door, layout_rooms, hex_tiny
D:2:      layout_rooms
D:3:      minmay_roachtagon, layout_basic, lemuel_crystal_altar,
          dreamdust_ecumenical_altar_hidden_monk_grotto, serial_shops,
          nicolae_shop_gibbet_a_chance, shop, nicolae_shop_crystal, shop,
          serial_bayou_lagoon_a, minmay_misc_feat_tiny, minmay_vboxes,
          uniq_grinder
D:4:      layout_gridville

Skill      XL: |  1  2  3  4  5  6 |
---------------+-------------------+-----
Dodging        | 3 4 7 |  7.3
Ranged Weapons | 5 6 |  6.3
Fighting       | 2 |  2.1
Stealth        | |  1.5

Action                     |  1- 3 |  4- 6 || total
---------------------------+-------+-------++-------
   Fire: Shortbow          |   111 |   193 ||   304
    Use: Scroll            |     7 |     3 ||    10
         Potion            |       |     1 ||     1
 Armour: Robe              |     8 |    40 ||    48
  Dodge: Dodged            |    17 |   137 ||   154

Table legend:
 A = Non-vault XP
 B = Vault XP
 C = Vault XP percentage of total XP
 D = Non-vault monster count
 E = Vault monster count
 F = Vault count percentage of total count
                 A         B        C        D         E       F
            +---------+---------+-------+---------+---------+-------
      Total |     422 |     296 |  41.2 |      77 |      15 |  16.3
            +---------+---------+-------+---------+---------+-------
        D:1 |      31 |       0 |   0.0 |      16 |       0 |   0.0
        D:2 |      49 |       0 |   0.0 |      20 |       0 |   0.0
        D:3 |     202 |     296 |  59.4 |      22 |      15 |  40.5
        D:4 |     140 |       0 |   0.0 |      19 |       0 |   0.0
            +---------+---------+-------+---------+---------+-------
